 Dungeon Crawl Stone Soup version 0.28-a0-1213-g0243856f03 (webtiles) character file.

Game seed: 5558675516069274762

570 r3xj the Skirmisher (level 7, 0/66 HPs)
             Began as a Minotaur Fighter on Dec 22, 2021.
             Slain by Edmund (2 damage)
             ... on level 5 of the Dungeon.
             The game lasted 00:06:52 (4614 turns).

r3xj the Skirmisher (Minotaur Fighter)              Turns: 4614, Time: 00:06:53

Health: 0/66       AC:  6    Str: 22    XL:     7   Next: 11%
Magic:  6/6        EV:  9    Int:  5    God:
Gold:   210        SH:  4    Dex: 10    Spells: 6/6 levels left

rFire   . . .      SeeInvis .   a - +0 war axe
rCold   . . .      Faith    .   c - +0 buckler
rNeg    . . .      Spirit   .   b - +0 scale mail
rPois   .          Reflect  .   (helmet restricted)
rElec   .          Harm     .   (no cloak)
rCorr   .          Rampage  .   (no gloves)
Will    .....                   (no boots)
Stlth   ..........              (no amulet)
HPRegen 0.21/turn               (no ring)
MPRegen 0.10/turn               (no ring)

@: no status effects
A: horns 2, retaliatory headbutt
a: no special abilities


You were on level 5 of the Dungeon.
You visited 1 branch of the dungeon, and saw 5 of its levels.

You collected 210 gold pieces.

Inventory:

Hand Weapons
 a - a +0 war axe (weapon)
Missiles
 m - 7 poisoned darts (quivered)
Armour
 b - a +0 scale mail (worn)
 c - a +0 buckler (worn)
Jewellery
 h - a ring of ice
Wands
 q - a wand of flame (24)
Scrolls
 f - a scroll of brand weapon {unknown}
 g - 2 scrolls of fog {unknown}
 k - a scroll of identify {unknown}
 l - a scroll of immolation {unknown}
 n - a scroll of fear {unknown}
 s - 2 scrolls of noise {unknown}
 t - a scroll of silence {unknown}
 u - a scroll of teleportation {unknown}
 v - a scroll of amnesia {unknown}
Potions
 d - a potion of might
 e - 2 potions of curing {unknown}
 i - a potion of heal wounds {unknown}
 j - a potion of cancellation {unknown}
 o - a potion of flight {unknown}
 p - a potion of degeneration {unknown}
 r - a potion of resistance {unknown}


   Skills:
 + Level 7.3 Fighting
 + Level 6.7 Axes
 - Level 3.6 Armour
 - Level 4.0 Shields


You had 6 spell levels left.
You didn't know any spells.
Your spell library contained the following spells:

 Spells                   Type           Power      Damage    Failure   Level
 Animate Skeleton         Necr           0%         N/A       80%         1
 Pain                     Necr           0%         1d4       80%         1
 Call Canine Familiar     Summ           0%         N/A       99%         3
 Portal Projectile        Hex/Tloc       0%         N/A       99%         3
 Vampiric Draining        Necr           0%         2d6       99%         3
 Leda's Liquefaction      Hex/Erth       0%         N/A       100%        4


Dungeon Overview and Level Annotations

Branches:
Dungeon (5/15)
 Temple: D:4-7

Altars:
Sif Muna
Vehumet
Wu Jian
Xom

Annotations:
D:5 Edmund


Innate Abilities, Weirdness & Mutations

You have a pair of horns on your head.
You reflexively headbutt those who attack you in melee.


Message History

Edmund is lightly wounded.
Edmund hits you with a +2 vorpal flail.
You closely miss Edmund.
Edmund is lightly wounded.
You block Edmund's attack.
You completely miss Edmund. You headbutt Edmund, but do no damage.
Edmund is lightly wounded.
Edmund hits you with a +2 vorpal flail.
You closely miss Edmund.
Edmund is lightly wounded.
Edmund hits you with a +2 vorpal flail!
You barely miss Edmund.
Edmund is lightly wounded.
You block Edmund's attack. Edmund barely misses you.
You hit Edmund but do no damage.
Edmund is lightly wounded.
Edmund hits you with a +2 vorpal flail!
You hit Edmund. Your headbutt misses Edmund.
Edmund is moderately wounded.
Edmund barely misses you.
You barely miss Edmund. You headbutt Edmund.
Edmund is heavily wounded.
Edmund says, "What use are spells, anyway?"
Edmund hits you with a +2 vorpal flail!
You hit Edmund but do no damage. Your headbutt misses Edmund.
Edmund is heavily wounded.
Edmund barely misses you.
You slash Edmund!
Edmund is severely wounded.
Edmund barely misses you. Edmund hits you with a +2 vorpal flail.
You completely miss Edmund.
Edmund is severely wounded.
Edmund says, "I might not be good at magic, but I can still kill you!"
Edmund hits you with a +2 vorpal flail!
* * * LOW HITPOINT WARNING * * *
x2 You closely miss Edmund.
Edmund is severely wounded.
Edmund hits you with a +2 vorpal flail!
* * * LOW HITPOINT WARNING * * *
You die...

#.......# ##....##.##
....#.##..# .........# # #..#..#
########## ...##.##.#...#
#........#
......@...@..######.#####.##
...##.#..##...##....# . #.####
#....##...##@...# #.#....#
...[....##...##@...#.#.####.####
#.#..........................(>#
#..#..######.##....###.#.####..#
...... #.##.........)))....#
...... #.##...###########.##
##### #.###### .........# #.#
#######..# #.# .#####....#


You could see Edmund.

Vanquished Creatures
  A black bear (D:2)
  2 ogres
  A scorpion (D:5)
  Robin (D:4)
  9 gnolls
  4 adders
  2 worms
  3 dart slugs
  3 orcs (D:3)
  5 ball pythons
  7 bats
  7 endoplasms
  23 goblins
  10 hobgoblins
  13 kobolds
  5 quokkas
  5 frilled lizards
  10 rats
111 creatures vanquished.

Notes
Turn   | Place    | Note
-------+----------+-------------------------------------------
     0 | D:1      | r3xj the Minotaur Fighter began the quest for the Orb.
     0 | D:1      | Reached XP level 1. HP: 19/19 MP: 0/0
    45 | D:1      | Reached XP level 2. HP: 16/27 MP: 1/1
   194 | D:1      | Reached skill level 4 in Fighting
   632 | D:1      | Reached XP level 3. HP: 27/33 MP: 2/2
  1345 | D:2      | Reached XP level 4. HP: 31/41 MP: 3/3
  1521 | D:2      | Reached skill level 5 in Fighting
  1713 | D:2      | Noticed a black bear
  1726 | D:2      | Killed a black bear
  1727 | D:2      | Reached skill level 5 in Axes
  1727 | D:2      | Reached XP level 5. HP: 45/50 MP: 4/4
  1728 | D:2      | Noticed an ogre
  1751 | D:2      | Killed an ogre
  1752 | D:2      | Reached skill level 6 in Fighting
  1752 | D:2      | Reached XP level 6. HP: 40/57 MP: 5/5
  2804 | D:3      | Found a radiant altar of Vehumet.
  2825 | D:3      | Found a faded altar of an unknown god.
  2976 | D:3      | Found an ornate altar of the Wu Jian Council.
  3627 | D:4      | Noticed Robin
  3659 | D:4      | Killed Robin
  3852 | D:4      | Found a large runed translucent door.
  3962 | D:4      | Found a large runed translucent door.
  3962 | D:4      | Found a shimmering altar of Xom.
  4007 | D:4      | Reached skill level 7 in Fighting
  4166 | D:4      | Found a shimmering blue altar of Sif Muna.
  4403 | D:5      | Entered Level 5 of the Dungeon
  4411 | D:5      | Reached XP level 7. HP: 63/66 MP: 6/6
  4585 | D:5      | Noticed Edmund
  4614 | D:5      | HP: 2/66 [Edmund (8)]
  4614 | D:5      | Slain by Edmund

Illustrated notes

Levels and vault maps discovered:
D:1:      dpeg_arrival_morbid_curiosity, layout_loops_ring
D:2:      layout_basic
D:3:      layout_loops_ring, mainiacjoe_overflow_alcove_4,
          mainiacjoe_overflow_cross_hatched, basic_ecumenical_altar,
          minmay_box_of_dots
D:4:      due_chaos_kobolds, layout_basic, led_sif_pool, solitary_fountain,
          uniq_robin
D:5:      layout_basic, amcnicky_altar_gilded, minmay_temple_entry_waves,
          nrook_mini_vaults, hangedman_abyss_or_decor_lesser_grid, uniq_edmund

Skill      XL: |  1  2  3  4  5  6 |
---------------+-------------------+-----
Fighting       | 4 5 6 7 |  7.3
Shields        | 4 |  4.0
Axes           | 3 5 6 |  6.7
Armour         | |  3.6

Action                   |  1- 3 |  4- 6 |  7- 9 || total
-------------------------+-------+-------+-------++-------
Melee: War axe           |    58 |   143 |    20 ||   221
       Headbutt          |    11 |    26 |     6 ||    43
Armor: Scale mail        |    23 |    47 |     2 ||    72
Dodge: Dodged            |    25 |    46 |     7 ||    78
Block: Buckler           |    15 |    30 |     4 ||    49

Table legend: (Time is in decaauts)
 A = Elapsed time spent in this place.
 B = Non-inter-level travel time spent in this place.
 C = Inter-level travel time spent in this place.
 D = Time resting spent in this place.
 E = Time spent auto-exploring this place.
 F = Levels seen in this place.
 G = Mean time per level.
                   A        B        C        D        E       F      G
               +--------+--------+--------+--------+--------+-----+--------+
         Total |   4670 |   4532 |    138 |    447 |   3315 |   5 |  934.0 |
       Dungeon |   4670 |   4532 |    138 |    447 |   3315 |   5 |  934.0 |
               +--------+--------+--------+--------+--------+-----+--------+

Top non-repeatable levels by time:
     D:2: 1383 daAuts
     D:1: 1342 daAuts
     D:3: 920 daAuts
     D:4: 809 daAuts
     D:5: 214 daAuts
